 Dungeon Crawl Stone Soup version 0.22.0-49-gab54619674 (webtiles) character file.

1178 JedernureinKreuz the Conjurer (level 8, -5/58 HPs)
             Began as a Gnoll Conjurer on Sept 8, 2018.
             Was an Initiate of Sif Muna.
             Shot with an arrow by a centaur (13 damage)
             ... on level 6 of the Dungeon.
             The game lasted 00:30:10 (6037 turns).

JedernureinKreuz the Conjurer (Gnoll Conjurer)      Turns: 6037, Time: 00:30:11

Health: -5/58      AC:  3    Str: 10    XL:     8   Next: 41%
Magic:  7/17       EV: 15    Int: 19    God:    Sif Muna [......]
Gold:   62         SH:  5    Dex: 17    Spells: 11/19 levels left

rFire    . . .     SeeInvis .   a - +2 whip (freeze)
rCold    . . .     Gourm    .   v - +0 buckler
rNeg     . . .     Faith    .   r - +0 leather armour
rPois    .         Spirit   .   C - +0 hat
rElec    .         Reflect  .   (no cloak)
rCorr    .         Harm     .   (no gloves)
MR       .....                  (no boots)
Stlth    +++.......             (no amulet)
HPRegen  0.19/turn              (no ring)
MPRegen  0.15/turn              (no ring)

@: no status effects
A: distributed training, fangs 1, strong nose
a: Renounce Religion


You were on level 6 of the Dungeon.
You worshipped Sif Muna.
Sif Muna was noncommittal.
You were not hungry.

You visited 2 branches of the dungeon, and saw 7 of its levels.

You collected 182 gold pieces.
You spent 120 gold pieces at shops.

Inventory:

Hand Weapons
 a - a +2 whip of freezing (weapon)
 b - a +1 dagger of venom
 d - a +0 club
 w - a +0 battleaxe
 E - a +0 hunting sling
 G - a +0 shortbow
Missiles
 g - 233 stones
 l - 109 arrows
 o - 24 bolts
 F - 7 tomahawks (quivered)
 J - 16 poisoned needles
Armour
 r - a +0 leather armour (worn)
 v - a +0 buckler (worn)
 A - a +0 robe
 C - a +0 hat (worn)
Wands
 y - a wand of random effects (28)
Scrolls
 e - 6 scrolls of identify
 f - 3 scrolls of remove curse
 i - a scroll of enchant weapon {unknown}
 j - 2 scrolls of magic mapping {unknown}
 p - 2 scrolls of random uselessness {unknown}
 u - 3 scrolls of fog {unknown}
 x - 2 scrolls of amnesia {unknown}
 z - a scroll of blinking {unknown}
 D - a scroll of noise {unknown}
 I - a scroll of teleportation {unknown}
Potions
 h - a potion of brilliance {unknown}
 k - a potion of degeneration {unknown}
 m - 4 potions of heal wounds
 n - a potion of agility {unknown}
 q - 2 potions of curing {unknown}
 s - 2 potions of flight {unknown}
 t - 2 potions of cancellation {unknown}
 B - a potion of haste {unknown}
 H - a potion of berserk rage {unknown}
Comestibles
 c - 11 rations


   Skills:
 + Level 3.2 Fighting
 + Level 3.2 Short Blades
 + Level 3.2 Long Blades
 + Level 3.2 Axes
 + Level 3.2 Maces & Flails
 + Level 3.2 Polearms
 + Level 3.2 Staves
 + Level 3.2 Slings
 + Level 3.2 Bows
 + Level 3.2 Crossbows
 + Level 3.2 Throwing
 + Level 3.2 Armour
 + Level 5.6 Dodging
 + Level 5.3 Stealth
 + Level 3.2 Shields
 + Level 3.2 Unarmed Combat
 + Level 6.0 Spellcasting
 + Level 7.6 Conjurations
 + Level 2.6 Hexes
 + Level 2.6 Charms
 + Level 2.6 Summonings
 + Level 2.6 Necromancy
 + Level 2.6 Translocations
 + Level 2.6 Transmutations
 + Level 2.6 Fire Magic
 + Level 2.6 Ice Magic
 + Level 2.6 Air Magic
 + Level 2.6 Earth Magic
 + Level 2.6 Poison Magic
 + Level 3.5 Invocations
 + Level 3.2 Evocations


You had 11 spell levels left.
You knew the following spells:

 Your Spells              Type           Power        Failure   Level  Hunger
a - Magic Dart            Conj           ####         1%          1    None
b - Dazzling Spray        Conj/Hex       ####..       6%          3    ##.....
c - Iskenderun's Mystic   Conj           ####....     7%          4    ####...

Your spell library contained the following spells:

 Spells                   Type           Power        Failure   Level  Hunger
 Searing Ray              Conj           ####..       1%          2    None
 Force Lance              Conj/Tloc      ####....     21%         4    ####...
 Fulminant Prism          Conj/Hex       ####......   21%         4    ####...


Dungeon Overview and Level Annotations

Branches:
Dungeon (6/15)             Temple (1/1) D:4

Altars:
Cheibriados
Dithmenos
Elyvilon
Fedhas
Gozag
Hepliaklqana
Kikubaaqudgha
Makhleb
Nemelex Xobeh
Okawaru
Qazlal
Ru
Sif Muna
Trog
Uskayaw
Vehumet
Wu Jian
Xom
Yredelemnul
Zin
The Shining One

Shops:
D:5 %


Innate Abilities, Weirdness & Mutations

Your experience applies equally to all skills.
You have very sharp teeth.
Your uncanny sense of smell can sniff out nearby items.


Message History

* * * LOW HITPOINT WARNING * * *
Casting: Magic Dart (safe; 1% risk of failure)
Confirm with . or Enter, or press ? or * to list all spells.
Aiming: Magic Dart (safe; 1% risk of failure)
Press: ? - help, Shift-Dir - straight line, f/p - bullfrog
Aim: a bullfrog (almost dead)
The magic dart hits the bullfrog.
The bullfrog is almost dead.
You block the bullfrog's attack.
Casting: Magic Dart (safe; 1% risk of failure)
Confirm with . or Enter, or press ? or * to list all spells.
Aiming: Dazzling Spray (safe; 6% risk of failure)
Press: ? - help, Shift-Dir - straight line, f - centaur, p - bullfrog
Aim: a centaur, wielding a shortbow The spray of energy hits the bullfrog.
You kill the bullfrog!
Sif Muna accepts your kill.
Your Spellcasting skill increases to level 6!
The centaur shoots an arrow.
The arrow hits you!
You die...

....# #.#.....# .....
#.#.....# ....<. #.#.....#
......##.#.....#
...c.%.#.#.....##########
.......(.#...............
###....#c..###...........
+....#†#.# #......>....
#....#@..# #...........
#....##### #........†..
#.... #####...........
#.... #............... ∆
##### #......#........
#..)......#..###
##########............#
#####..............>...##.#
#.........................#


You could see a centaur.

Vanquished Creatures
  An ogre (D:4)
  2 centaurs (D:5)
  2 bullfrogs
  A gnoll sergeant (D:5)
  2 scorpions (D:4)
  A howler monkey (D:6)
  2 crimson imps (D:6)
  3 hounds
  3 orc wizards
  An orc priest (D:4)
  4 worker ants
  3 gnolls (D:5)
  8 adders
  A shadow imp (D:5)
  An adder skeleton (D:4)
  2 worms
  2 dart slugs
  3 leopard geckos
  16 orcs
  3 ball pythons
  8 bats
  6 giant cockroaches
  6 goblins
  7 hobgoblins
  18 jackals
  2 quokkas
  5 frilled lizards
  9 kobolds
  2 leopard gecko skeletons
  12 rats
136 creatures vanquished.

Vanquished Creatures (others)
  An orc (D:5)
1 creature vanquished.

Grand Total: 137 creatures vanquished

Notes
Turn   | Place    | Note
-------+----------+-------------------------------------------
     0 | D:1      | JedernureinKreuz the Gnoll Conjurer began the quest for the
                  | Orb.
     0 | D:1      | Reached XP level 1. HP: 13/13 MP: 6/6
   161 | D:1      | Reached XP level 2. HP: 19/19 MP: 5/7
   458 | D:1      | Reached XP level 3. HP: 21/25 MP: 6/9
   462 | D:1      | Reached skill level 5 in Spellcasting
   947 | D:2      | Reached skill level 1 in Invocations
  1068 | D:2      | Found a sparkling altar of Nemelex Xobeh.
  1196 | D:2      | Reached skill level 1 in Fighting
  1196 | D:2      | Reached skill level 1 in Short Blades
  1196 | D:2      | Reached skill level 1 in Long Blades
  1196 | D:2      | Reached skill level 1 in Axes
  1196 | D:2      | Reached skill level 1 in Maces & Flails
  1196 | D:2      | Reached skill level 1 in Polearms
  1196 | D:2      | Reached skill level 1 in Staves
  1196 | D:2      | Reached skill level 1 in Slings
  1196 | D:2      | Reached skill level 1 in Bows
  1196 | D:2      | Reached skill level 1 in Crossbows
  1196 | D:2      | Reached skill level 1 in Throwing
  1196 | D:2      | Reached skill level 1 in Armour
  1196 | D:2      | Reached skill level 1 in Shields
  1196 | D:2      | Reached skill level 1 in Unarmed Combat
  1196 | D:2      | Reached skill level 1 in Evocations
  1196 | D:2      | Reached XP level 4. HP: 32/32 MP: 7/11
  1355 | D:2      | Found a hide-covered altar of Uskayaw.
  1829 | D:3      | Reached skill level 1 in Hexes
  1829 | D:3      | Reached skill level 1 in Charms
  1829 | D:3      | Reached skill level 1 in Summonings
  1829 | D:3      | Reached skill level 1 in Necromancy
  1829 | D:3      | Reached skill level 1 in Translocations
  1829 | D:3      | Reached skill level 1 in Transmutations
  1829 | D:3      | Reached skill level 1 in Fire Magic
  1829 | D:3      | Reached skill level 1 in Ice Magic
  1829 | D:3      | Reached skill level 1 in Air Magic
  1829 | D:3      | Reached skill level 1 in Earth Magic
  1829 | D:3      | Reached skill level 1 in Poison Magic
  1918 | D:3      | Found a white marble altar of Elyvilon.
  1939 | D:3      | Found a sacrificial altar of Ru.
  2028 | D:3      | Found a faded altar of an unknown god.
  2137 | D:3      | Found a burning altar of Makhleb.
  2309 | D:3      | Reached XP level 5. HP: 33/37 MP: 6/12
  2324 | D:3      | Found a sparkling altar of Nemelex Xobeh.
  2418 | D:4      | Found a bloodstained altar of Trog.
  2738 | D:4      | Found a staircase to the Ecumenical Temple.
  2747 | Temple   | Entered the Ecumenical Temple
  2874 | Temple   | Became a worshipper of Sif Muna the Loreminder
  3193 | D:4      | Reached XP level 6. HP: 44/44 MP: 11/13
  3244 | D:4      | Reached skill level 5 in Dodging
  3453 | D:4      | Reached XP level 7. HP: 42/50 MP: 8/15
  4047 | D:5      | Entered Level 5 of the Dungeon
  4477 | D:5      | Found Ufabb's Food Emporium.
  4487 | D:5      | Bought a ration for 60 gold pieces
  4665 | D:5      | Reached skill level 5 in Stealth
  4902 | D:5      | Learned a level 3 spell: Dazzling Spray
  4907 | D:5      | Learned a level 4 spell: Iskenderun's Mystic Blast
  4965 | D:5      | Reached XP level 8. HP: 24/57 MP: 10/16
  5311 | D:5      | Bought a ration for 60 gold pieces
  6037 | D:6      | Shot with an arrow by a centaur

Skill      XL: |  1  2  3  4  5  6  7  8 |
---------------+-------------------------+-----
Spellcasting   | 5 6 |  6.0
Invocations    | 1 2 3 |  3.5
Fighting       | 1 2 3 |  3.2
Short Blades   | 1 2 3 |  3.2
Long Blades    | 1 2 3 |  3.2
Axes           | 1 2 3 |  3.2
Maces & Flails | 1 2 3 |  3.2
Polearms       | 1 2 3 |  3.2
Staves         | 1 2 3 |  3.2
Slings         | 1 2 3 |  3.2
Bows           | 1 2 3 |  3.2
Crossbows      | 1 2 3 |  3.2
Throwing       | 1 2 3 |  3.2
Armour         | 1 2 3 |  3.2
Shields        | 1 2 3 |  3.2
Unarmed Combat | 1 2 3 |  3.2
Evocations     | 1 2 3 |  3.2
Hexes          | 1 2 |  2.6
Charms         | 1 2 |  2.6
Summonings     | 1 2 |  2.6
Necromancy     | 1 2 |  2.6
Translocations | 1 2 |  2.6
Transmutations | 1 2 |  2.6
Fire Magic     | 1 2 |  2.6
Ice Magic      | 1 2 |  2.6
Air Magic      | 1 2 |  2.6
Earth Magic    | 1 2 |  2.6
Poison Magic   | 1 2 |  2.6
Dodging        | 5 |  5.6
Stealth        | 5 |  5.3
Conjurations   | |  7.6

Action                   |  1- 3 |  4- 6 |  7- 9 || total
-------------------------+-------+-------+-------++-------
Melee: Dagger            |    14 |    12 |    28 ||    54
       Whip              |    17 |    55 |    54 ||   126
       Bite              |     1 |     6 |    10 ||    17
       Unarmed           |       |       |     1 ||     1
 Cast: Magic Dart        |    36 |    69 |   119 ||   224
       Dazzling Spray    |       |       |     5 ||     5
       Iskenderun's Myst |       |       |     2 ||     2
  Use: Scroll            |       |       |     2 ||     2
 Stab: Sleeping          |     9 |     6 |     1 ||    16
  Eat: Chunk             |     1 |     3 |     9 ||    13
       Ration            |       |     1 |       ||     1
Armor: Robe              |     1 |     1 |       ||     2
       Leather armour    |       |     7 |     8 ||    15
Dodge: Dodged            |    18 |    37 |    55 ||   110
Block: Buckler           |       |     9 |    28 ||    37
